[Event "Dutch Open-ch 2019"]
[Site "Dieren"]
[Date "2019.07.29"]
[Round "6.19"]
[White "Grutter, Tim"]
[Black "Van Helvoort, Rob"]
[Result "0-1"]
[ECO "C07"]
[WhiteElo "2091"]
[BlackElo "2104"]
[Annotator "NA"]
[PlyCount "92"]
[EventDate "2019.07.23"]
[EventType "swiss"]
[EventCountry "NED"]
[SourceTitle "playchess.com"]
[Source "ChessBase"]
[SourceQuality "1"]
[TimeControl "40/5400+30:1800+30"]

1. e4 e6 2. d4 d5 3. Nd2 c5 4. exd5 Qxd5 5. Ngf3 cxd4 6. Bc4 Qd6 7. O-O Nf6 8. Nb3 Nc6 9. Nbxd4 Nxd4 10. Nxd4 Be7 11. Nb5 Qc6 12. Qe2 O-O 13. Bf4 b6 14. Nd4 Qc5 15. c3 Bb7 16. b4 Qh5 17. Qxh5 Nxh5 18. Bd2 Rfd8 19. Nb3 Nf6 20. Rac1 Ne4 21. Be1 Rac8 22. Be2 Rd7 23. c4 Ba6 24. f3 Nf6 25. b5 Bb7 26. a4 Rdd8 27. a5 Nd7 28. Bf2 Nc5 29. Nxc5 Bxc5 30. Rfd1 Bxf2+ 31. Kxf2 Kf8 32. Rxd8+ Rxd8 33. a6 Ba8 34. c5 bxc5 35. Rxc5 Ke7 36. Ke3 Bd5 37. Bd3 Kd6 38. Rc1 f5 39. g3 g5 40. Rc2 h6 41. Rc1 Rf8 42. Bc4 f4+ 43. gxf4 gxf4+ 44. Kf2 Rc8 45. Bxd5 Rxc1 46. b6 exd5 0-1

[Event "Dutch Open-ch 2019"]
[Site "Dieren"]
[Date "2019.07.29"]
[Round "6.20"]
[White "Van Roon, Sjoerd"]
[Black "Tang, Charlie"]
[Result "1-0"]
[ECO "C18"]
[WhiteElo "2072"]
[BlackElo "2247"]
[Annotator "NA"]
[PlyCount "113"]
[EventDate "2019.07.23"]
[EventType "swiss"]
[EventCountry "NED"]
[SourceTitle "playchess.com"]
[Source "ChessBase"]
[SourceQuality "1"]
[TimeControl "40/5400+30:1800+30"]

1. e4 e6 2. d4 d5 3. Nc3 Bb4 4. e5 c5 5. a3 Bxc3+ 6. bxc3 Ne7 7. Qg4 Qc7 8. Qxg7 Rg8 9. Qxh7 cxd4 10. Qd3 dxc3 11. Ne2 Nbc6 12. Qxc3 Bd7 13. f4 Nf5 14. g4 Nh4 15. Nd4 a6 16. h3 Qb6 17. Nb3 Rc8 18. Qd3 Rh8 19. Be3 d4 20. Bf2 Nxe5 21. fxe5 Bb5 22. Qd1 Qc6 23. Bxb5 axb5 24. Kd2 Qc3+ 25. Kc1 d3 26. Bc5 Rxc5 27. Nxc5 Qxa1+ 28. Kd2 Qxe5 29. Nxd3 Qg5+ 30. Kc3 Ke7 31. Qe2 Qd5 32. Rf1 Ng6 33. Qf2 Rc8+ 34. Kb2 e5 35. Qf6+ Ke8 36. Kb1 Rc7 37. Qf5 Re7 38. Re1 Qd7 39. Re4 Qe6 40. Qf2 Qd5 41. Qf5 Re6 42. Qf3 Kf8 43. Qe3 Qd6 44. Rb4 Re7 45. g5 Qd5 46. Qe4 Qxe4 47. Rxe4 Kg7 48. h4 f5 49. gxf6+ Kxf6 50. h5 Kf5 51. Rb4 Nf4 52. h6 e4 53. Rxb5+ Kg4 54. Re5 Ng6 55. Rxe7 Nxe7 56. h7 Ng6 57. Ne5+ 1-0

[Event "Dutch Open-ch 2019"]
[Site "Dieren"]
[Date "2019.07.30"]
[Round "7.1"]
[White "Van Foreest, Lucas"]
[Black "Schoppen, Casper"]
[Result "1/2-1/2"]
[ECO "B31"]
[WhiteElo "2521"]
[BlackElo "2493"]
[Annotator "ChessBase"]
[PlyCount "63"]
[EventDate "2019.07.23"]
[EventType "swiss"]
[EventCountry "NED"]
[SourceTitle "playchess.com"]
[Source "ChessBase"]
[SourceQuality "1"]
[TimeControl "40/5400+30:1800+30"]

1. e4 c5 2. Nf3 Nc6 3. Bb5 g6 4. O-O Bg7 5. Re1 e5 6. b4 Nxb4 7. Bb2 a6 8. a3 axb5 9. axb4 Rxa1 10. Bxa1 d6 11. bxc5 Ne7 12. cxd6 Qxd6 13. d4 exd4 14. Bxd4 O-O 15. Nc3 Bxd4 16. Nxd4 b4 17. e5 Qc5 18. Ne4 Qxe5 19. Nf3 Qb2 20. Qd6 Nc6 21. h4 h5 22. c3 Be6 23. Qf4 bxc3 24. Qh6 c2 25. Nfg5 Rc8 26. Nh7 Qg7 27. Nhf6+ Kf8 28. Nh7+ Kg8 29. Nhf6+ Kf8 30. Nh7+ Kg8 31. Nhf6+ Kf8 32. Nh7+ 1/2-1/2

[Event "Dutch Open-ch 2019"]
[Site "Dieren"]
[Date "2019.07.30"]
[Round "7.3"]
[White "Beerdsen, Thomas"]
[Black "Bosboom, Manuel"]
[Result "0-1"]
[ECO "C41"]
[WhiteElo "2497"]
[BlackElo "2418"]
[Annotator "ChessBase"]
[PlyCount "120"]
[EventDate "2019.07.23"]
[EventType "swiss"]
[EventCountry "NED"]
[SourceTitle "playchess.com"]
[Source "ChessBase"]
[SourceQuality "1"]
[TimeControl "40/5400+30:1800+30"]

1. e4 e5 2. Nf3 d6 3. d4 Nf6 4. Nc3 Nbd7 5. Bc4 Be7 6. a4 O-O 7. O-O a6 8. a5 b5 9. axb6 cxb6 10. Qe2 Bb7 11. Rd1 b5 12. dxe5 dxe5 13. Ba2 Qc7 14. Nh4 g6 15. Bh6 Rfe8 16. Nf3 Bf8 17. Bxf8 Rxf8 18. Rd2 Nb6 19. Rad1 b4 20. Nd5 Nbxd5 21. Bxd5 Bxd5 22. exd5 e4 23. Nd4 Rfe8 24. Nb3 Qd6 25. Rd4 a5 26. Nd2 a4 27. Nxe4 a3 28. bxa3 bxa3 29. Ra1 Nxe4 30. Rxe4 Reb8 31. Rd4 a2 32. Rdd1 Rb2 33. Qc4 Qb6 34. g3 Rb1 35. Qf1 Rxa1 36. Rxa1 Qd4 37. c4 Ra3 38. Kg2 Qe4+ 39. Kg1 Qd4 40. Kg2 Qe4+ 41. Kg1 Rb3 42. Rxa2 Rb1 43. Ra1 Rxf1+ 44. Rxf1 Qxc4 45. Rd1 Qb3 46. Rd4 Qb6 47. Rd1 Qd6 48. Kg2 Kf8 49. Rd4 Ke7 50. Rd1 Kd7 51. Kg1 g5 52. Kg2 h6 53. Kg1 f5 54. Kg2 h5 55. h3 Qe5 56. d6 Qe4+ 57. Kg1 f4 58. gxf4 gxf4 59. Kh2 Qe2 60. Rh1 Qxf2# 0-1

[Event "Dutch Open-ch 2019"]
[Site "Dieren"]
[Date "2019.07.30"]
[Round "7.4"]
[White "Buckels, Valentin"]
[Black "Hausrath, Daniel"]
[Result "1/2-1/2"]
[ECO "B09"]
[WhiteElo "2451"]
[BlackElo "2468"]
[Annotator "ChessBase"]
[PlyCount "32"]
[EventDate "2019.07.23"]
[EventType "swiss"]
[EventCountry "NED"]
[SourceTitle "playchess.com"]
[Source "ChessBase"]
[SourceQuality "1"]
[TimeControl "40/5400+30:1800+30"]

1. d4 d6 2. e4 Nf6 3. Nc3 g6 4. f4 Bg7 5. Nf3 c5 6. Bb5+ Bd7 7. e5 Ng4 8. e6 fxe6 9. Ng5 Bxb5 10. Nxe6 Bxd4 11. Nxb5 Qa5+ 12. c3 Bf2+ 13. Kd2 Be3+ 14. Ke1 Bf2+ 15. Kd2 Be3+ 16. Ke1 Bf2+ 1/2-1/2

[Event "Dutch Open-ch 2019"]
[Site "Dieren"]
[Date "2019.07.30"]
[Round "7.5"]
[White "Maris, Ivo"]
[Black "Reinderman, Dimitri"]
[Result "1-0"]
[ECO "A00"]
[WhiteElo "2399"]
[BlackElo "2583"]
[Annotator "ChessBase"]
[PlyCount "79"]
[EventDate "2019.07.23"]
[EventType "swiss"]
[EventCountry "NED"]
[SourceTitle "playchess.com"]
[Source "ChessBase"]
[SourceQuality "1"]
[TimeControl "40/5400+30:1800+30"]

1. b4 d5 2. Bb2 Bg4 3. Nf3 Nd7 4. e3 e5 5. h3 Bxf3 6. Qxf3 Ngf6 7. a3 Bd6 8. Nc3 c6 9. e4 d4 10. Ne2 Nb6 11. Ng3 Na4 12. Bc1 b5 13. c4 a6 14. c5 Bxc5 15. bxc5 Nxc5 16. h4 O-O 17. h5 h6 18. Rb1 Nh7 19. d3 Ng5 20. Qg4 Nce6 21. Nf5 c5 22. g3 Kh8 23. f4 Nh7 24. fxe5 Nhg5 25. Be2 c4 26. O-O Qc7 27. Bf4 Qc5 28. Nd6 Qxa3 29. Bc1 Qc5 30. Rf5 c3 31. Bxg5 Nxg5 32. Rxg5 hxg5 33. Qxg5 f6 34. Qg6 fxe5 35. h6 Ra7 36. Kg2 gxh6 37. Qxh6+ Kg8 38. Rh1 Qxd6 39. Qxd6 Raf7 40. Qg6+ 1-0

[Event "Dutch Open-ch 2019"]
[Site "Dieren"]
[Date "2019.07.30"]
[Round "7.6"]
[White "David, Alberto"]
[Black "Odendahl, Reiner"]
[Result "1/2-1/2"]
[ECO "A46"]
[WhiteElo "2553"]
[BlackElo "2352"]
[Annotator "ChessBase"]
[PlyCount "82"]
[EventDate "2019.07.23"]
[EventType "swiss"]
[EventCountry "NED"]
[SourceTitle "playchess.com"]
[Source "ChessBase"]
[SourceQuality "1"]
[TimeControl "40/5400+30:1800+30"]

1. d4 Nf6 2. Nf3 a6 3. c3 e6 4. Bg5 c5 5. e4 h6 6. Bxf6 Qxf6 7. Bd3 d5 8. O-O dxe4 9. Bxe4 Nd7 10. d5 exd5 11. Bxd5 Be7 12. Nbd2 O-O 13. Nc4 Nb6 14. Nxb6 Qxb6 15. Ne5 Bf6 16. Nc4 Qc7 17. Re1 Bd7 18. Qf3 Rab8 19. Rad1 Kh8 20. Qg3 Qxg3 21. hxg3 b5 22. Nd6 Bg4 23. f3 Bh5 24. g4 Bg6 25. f4 Kg8 26. Be4 b4 27. cxb4 Bxe4 28. Rxe4 cxb4 29. Re2 Rfd8 30. Red2 b3 31. a3 a5 32. Ne4 Rxd2 33. Nxf6+ gxf6 34. Rxd2 Rc8 35. Rd3 a4 36. Rd4 Rc2 37. Rxa4 Rxb2 38. Rb4 Rb1+ 39. Kf2 b2 40. a4 Ra1 41. Rxb2 Rxa4 1/2-1/2

[Event "Dutch Open-ch 2019"]
[Site "Dieren"]
[Date "2019.07.30"]
[Round "7.7"]
[White "Das, Arghyadip"]
[Black "Sharma, Dinesh K."]
[Result "1/2-1/2"]
[ECO "C11"]
[WhiteElo "2439"]
[BlackElo "2299"]
[Annotator "ChessBase"]
[PlyCount "39"]
[EventDate "2019.07.23"]
[EventType "swiss"]
[EventCountry "NED"]
[SourceTitle "playchess.com"]
[Source "ChessBase"]
[SourceQuality "1"]
[TimeControl "40/5400+30:1800+30"]

1. e4 e6 2. d4 d5 3. Nd2 Nf6 4. e5 Nfd7 5. c3 c5 6. Ndf3 cxd4 7. cxd4 Nc6 8. Ne2 Qb6 9. g3 f6 10. exf6 Nxf6 11. Bg2 Bb4+ 12. Bd2 Ne4 13. Bc3 Nxc3 14. bxc3 Bd6 15. Qd3 Ne7 16. O-O h6 17. Nd2 O-O 18. a4 Bd7 19. Rfb1 Qa6 20. Qxa6 1/2-1/2

[Event "Dutch Open-ch 2019"]
[Site "Dieren"]
[Date "2019.07.30"]
[Round "7.8"]
[White "Mohite, Ranveer"]
[Black "Lahaye, Rick"]
[Result "1-0"]
[ECO "B48"]
[WhiteElo "2229"]
[BlackElo "2421"]
[Annotator "NA"]
[PlyCount "97"]
[EventDate "2019.07.23"]
[EventType "swiss"]
[EventCountry "NED"]
[SourceTitle "playchess.com"]
[Source "ChessBase"]
[SourceQuality "1"]
[TimeControl "40/5400+30:1800+30"]

1. e4 c5 2. Nf3 e6 3. d4 cxd4 4. Nxd4 a6 5. Nc3 Qc7 6. Be3 Nc6 7. Qd2 Nf6 8. f3 h5 9. O-O-O d6 10. Kb1 Bd7 11. Nb3 Rb8 12. Bd3 b5 13. Rhe1 Ne5 14. Ka1 a5 15. Nd4 Nxd3 16. cxd3 b4 17. Nce2 e5 18. Nf5 g6 19. Nfg3 Bb5 20. Rc1 Qb7 21. d4 Nd7 22. f4 h4 23. Nh1 Bg7 24. Nf2 O-O 25. fxe5 dxe5 26. Bh6 Bxh6 27. Qxh6 Bxe2 28. Rxe2 exd4 29. Ng4 Qa6 30. e5 Qe6 31. Qxh4 d3 32. Rf2 Rbc8 33. Rcf1 Rc4 34. h3 Rc2 35. Qh6 Rxf2 36. Rxf2 Rc8 37. Rf1 Qe7 38. Qe3 Kg7 39. Re1 Qc5 40. Qxd3 Qc2 41. Qe3 Qf5 42. Qd4 Qe6 43. Qf4 b3 44. axb3 a4 45. bxa4 Rc4 46. Re4 Rc2 47. Qh6+ Kg8 48. Nf6+ Nxf6 49. exf6 1-0

[Event "Dutch Open-ch 2019"]
[Site "Dieren"]
[Date "2019.07.30"]
[Round "7.9"]
[White "Zwirs, Nico"]
[Black "Maatman, Nick"]
[Result "1-0"]
[ECO "B33"]
[WhiteElo "2380"]
[BlackElo "2407"]
[Annotator "NA"]
[PlyCount "77"]
[EventDate "2019.07.23"]
[EventType "swiss"]
[EventCountry "NED"]
[SourceTitle "playchess.com"]
[Source "ChessBase"]
[SourceQuality "1"]
[TimeControl "40/5400+30:1800+30"]

1. e4 c5 2. Nf3 Nc6 3. d4 cxd4 4. Nxd4 Qb6 5. Nb3 Nf6 6. Nc3 e6 7. Qe2 Bb4 8. Bd2 O-O 9. a3 Be7 10. O-O-O d5 11. e5 Nd7 12. f4 a6 13. Qh5 Rd8 14. Bd3 Nf8 15. Rhf1 Qc7 16. Rf3 g6 17. Qh6 b5 18. g4 b4 19. axb4 Nxb4 20. Kb1 Nxd3 21. Rxd3 a5 22. f5 exf5 23. Nxd5 Rxd5 24. Rxd5 a4 25. Nd4 fxg4 26. Bg5 Bxg5 27. Qxg5 Be6 28. Nxe6 Nxe6 29. Qf6 Qc4 30. Rd7 Rf8 31. Rf1 Nc5 32. e6 Nxd7 33. exd7 Qd5 34. Qe7 Kg7 35. Qf6+ Kg8 36. Qe7 Kg7 37. Qe8 a3 38. d8=Q Qxd8 39. Rxf7+ 1-0

[Event "Dutch Open-ch 2019"]
[Site "Dieren"]
[Date "2019.07.30"]
[Round "7.10"]
[White "Lai, Hing Ting"]
[Black "Baselmans, Sam"]
[Result "1-0"]
[ECO "E69"]
[WhiteElo "2460"]
[BlackElo "2064"]
[Annotator "ChessBase"]
[PlyCount "107"]
[EventDate "2019.07.23"]
[EventType "swiss"]
[EventCountry "NED"]
[SourceTitle "playchess.com"]
[Source "ChessBase"]
[SourceQuality "1"]
[TimeControl "40/5400+30:1800+30"]

1. d4 Nf6 2. c4 g6 3. Nf3 Bg7 4. g3 d6 5. Bg2 O-O 6. O-O c6 7. Nc3 Qa5 8. h3 Nbd7 9. e4 e5 10. Qc2 exd4 11. Nxd4 Re8 12. Be3 Qc7 13. Rad1 Nb6 14. b3 Be6 15. f4 Rad8 16. Bf2 Qb8 17. a4 Qc7 18. a5 Na8 19. Nxe6 Rxe6 20. b4 Qb8 21. g4 Ree8 22. b5 Nc7 23. bxc6 bxc6 24. Rb1 Qa8 25. Rfd1 Ne6 26. Ne2 Bf8 27. Qa4 Rc8 28. Qc2 Rcd8 29. Kh2 Nd7 30. Bg3 Nec5 31. Nd4 Rc8 32. g5 Rc7 33. h4 Bg7 34. h5 Re7 35. h6 Bh8 36. Nb3 Qe8 37. Nxc5 dxc5 38. e5 Nxe5 39. fxe5 Bxe5 40. Bxe5 Rxe5 41. Qc3 f6 42. gxf6 Rh5+ 43. Kg1 Rxh6 44. Re1 Qf8 45. Re7 Rxe7 46. fxe7 Qxe7 47. a6 Qd6 48. Qe3 Rh4 49. Qe8+ Kg7 50. Rb7+ Kh6 51. Qe3+ g5 52. Rf7 Rxc4 53. Be4 Qd1+ 54. Kf2 1-0

[Event "Dutch Open-ch 2019"]
[Site "Dieren"]
[Date "2019.07.30"]
[Round "7.11"]
[White "Vrolijk, Liam"]
[Black "Ojas Kulkarni"]
[Result "1-0"]
[ECO "D74"]
[WhiteElo "2478"]
[BlackElo "2251"]
[Annotator "ChessBase"]
[PlyCount "51"]
[EventDate "2019.07.23"]
[EventType "swiss"]
[EventCountry "NED"]
[SourceTitle "playchess.com"]
[Source "ChessBase"]
[SourceQuality "1"]
[TimeControl "40/5400+30:1800+30"]

1. d4 Nf6 2. c4 g6 3. g3 Bg7 4. Bg2 d5 5. cxd5 Nxd5 6. Nf3 O-O 7. O-O Nc6 8. Nc3 e5 9. Bg5 Nxc3 10. bxc3 Qd6 11. d5 Na5 12. Nd2 f5 13. c4 c5 14. dxc6 h6 15. Nb3 Qxd1 16. Rfxd1 Nxc6 17. Bd5+ Kh7 18. Be3 Re8 19. Rab1 Nb4 20. Bxb7 Bxb7 21. Na5 Ba6 22. Rxb4 f4 23. Bc5 Rec8 24. Rd6 Bf8 25. Rxa6 Bxc5 26. Rb7+ 1-0

[Event "Dutch Open-ch 2019"]
[Site "Dieren"]
[Date "2019.07.30"]
[Round "7.12"]
[White "Ashwath, R.."]
[Black "Goswami, Vedant"]
[Result "1-0"]
[ECO "D10"]
[WhiteElo "2365"]
[BlackElo "2046"]
[Annotator "NA"]
[PlyCount "91"]
[EventDate "2019.07.23"]
[EventType "swiss"]
[EventCountry "NED"]
[SourceTitle "playchess.com"]
[Source "ChessBase"]
[SourceQuality "1"]
[TimeControl "40/5400+30:1800+30"]

1. d4 d5 2. c4 c6 3. cxd5 cxd5 4. Bf4 Nf6 5. Nc3 Nc6 6. e3 a6 7. Bd3 Bg4 8. Nge2 e6 9. O-O Be7 10. Rc1 O-O 11. f3 Bh5 12. Na4 Nd7 13. a3 e5 14. dxe5 Ndxe5 15. Bb1 Nc4 16. Nac3 g5 17. Nxd5 Nxb2 18. Qb3 gxf4 19. Nexf4 Bg6 20. Qxb2 Rb8 21. Rfd1 Qd6 22. Nxe7+ Qxe7 23. Nd5 Qe5 24. Qxe5 Nxe5 25. f4 Bxb1 26. fxe5 Bg6 27. Nf6+ Kg7 28. Nd7 Rbe8 29. Nxf8 Kxf8 30. Rc5 b6 31. Rcd5 Kg7 32. R1d4 Rc8 33. Kf2 Rc2+ 34. Rd2 Rc3 35. a4 Bc2 36. Rd6 Bxa4 37. Rxb6 Bb3 38. Rxa6 Rc5 39. Rb6 Be6 40. Rdb2 Rxe5 41. R6b5 Rxb5 42. Rxb5 Kg6 43. Kg3 Kf6 44. Kf4 h6 45. g4 Bc4 46. g5+ 1-0

[Event "Dutch Open-ch 2019"]
[Site "Dieren"]
[Date "2019.07.30"]
[Round "7.13"]
[White "Vogel, Jaap"]
[Black "Kolbus, Dietmar"]
[Result "0-1"]
[ECO "A48"]
[WhiteElo "2126"]
[BlackElo "2281"]
[Annotator "NA"]
[PlyCount "62"]
[EventDate "2019.07.23"]
[EventType "swiss"]
[EventCountry "NED"]
[SourceTitle "playchess.com"]
[Source "ChessBase"]
[SourceQuality "1"]
[TimeControl "40/5400+30:1800+30"]

1. d4 Nf6 2. Bf4 b6 3. e3 Bb7 4. Nf3 g6 5. Nbd2 Bg7 6. h3 O-O 7. Be2 c5 8. c3 d6 9. O-O Nbd7 10. Bh2 a6 11. a4 Ra7 12. Qb1 Qa8 13. b4 Ne4 14. Nxe4 Bxe4 15. Qb3 Rc7 16. Rac1 Nf6 17. Rfd1 cxd4 18. cxd4 Rfc8 19. Rxc7 Rxc7 20. Ne1 Qc8 21. f3 Bd5 22. Qb2 Bh6 23. Kf2 Bc4 24. e4 Bxe2 25. Qxe2 Rc4 26. f4 d5 27. exd5 Nxd5 28. Qe5 e6 29. Rd2 Bg7 30. Qe4 Rxb4 31. Nf3 Rxa4 0-1

[Event "Dutch Open-ch 2019"]
[Site "Dieren"]
[Date "2019.07.30"]
[Round "7.14"]
[White "Munshi, Aditya"]
[Black "Neelotpal, Das"]
[Result "0-1"]
[ECO "B40"]
[WhiteElo "2125"]
[BlackElo "2406"]
[Annotator "NA"]
[PlyCount "88"]
[EventDate "2019.07.23"]
[EventType "swiss"]
[EventCountry "NED"]
[SourceTitle "playchess.com"]
[Source "ChessBase"]
[SourceQuality "1"]
[TimeControl "40/5400+30:1800+30"]

1. e4 c5 2. Nf3 e6 3. g3 Nc6 4. Bg2 Nf6 5. Qe2 e5 6. c3 d6 7. h3 Be7 8. O-O O-O 9. Rd1 Qc7 10. Na3 a6 11. d4 Re8 12. d5 Na7 $14 13. Nc2 Bd7 14. Nh4 g6 15. a4 Kh8 16. b4 Nc8 17. Be3 cxb4 18. cxb4 Nb6 19. Rdc1 Rec8 20. a5 Na4 21. Na3 Qd8 22. Nc4 Bb5 23. Qa2 Bxc4 24. Rxc4 Nc3 25. Qb3 Ne2+ 26. Kh2 Nd4 27. Rxd4 exd4 28. Bxd4 Kg8 29. f4 Nh5 30. Nf3 Qc7 31. Re1 Qc4 32. Qb2 Qd3 33. Re2 Rc7 34. Bb6 Rc3 35. Rd2 Qc4 36. Bd4 Rb3 37. Qa1 Qxb4 38. Rc2 Ra3 39. Qc1 Rxf3 40. Rc8+ Rxc8 41. Qxc8+ Bf8 42. e5 Qxd4 43. exd6 Qf2 44. d7 Rxg3 0-1

[Event "Dutch Open-ch 2019"]
[Site "Dieren"]
[Date "2019.07.30"]
[Round "7.15"]
[White "Grooten, Herman"]
[Black "Van Baar, Esper"]
[Result "0-1"]
[ECO "D48"]
[WhiteElo "2310"]
[BlackElo "2108"]
[Annotator "NA"]
[PlyCount "64"]
[EventDate "2019.07.23"]
[EventType "swiss"]
[EventCountry "NED"]
[SourceTitle "playchess.com"]
[Source "ChessBase"]
[SourceQuality "1"]
[TimeControl "40/5400+30:1800+30"]

1. d4 Nf6 2. c4 e6 3. Nf3 d5 4. Nc3 dxc4 5. e3 a6 6. Bxc4 b5 7. Bd3 c5 8. a4 b4 9. Ne4 Nbd7 10. dxc5 Bxc5 11. Nxf6+ Nxf6 12. e4 Bb7 13. Qe2 Qb6 14. O-O Rd8 15. a5 Qa7 16. Bc2 Bc6 17. Ne5 Bb5 18. Ba4 Bxa4 19. Rxa4 Qb7 20. Bg5 Rd4 21. Bxf6 gxf6 22. Qc2 Qb5 23. Nf3 Rd8 24. b3 Ke7 25. e5 f5 26. Rc1 Rd3 27. Ra2 Rhd8 28. Qb1 Qd7 29. Kf1 Qd5 30. Qa1 Qxb3 31. Ne1 Rd1 32. Rxd1 Rxd1 0-1

[Event "Dutch Open-ch 2019"]
[Site "Dieren"]
[Date "2019.07.30"]
[Round "7.16"]
[White "Van Helvoort, Rob"]
[Black "Wedda, Dries"]
[Result "1/2-1/2"]
[ECO "D05"]
[WhiteElo "2104"]
[BlackElo "2234"]
[Annotator "NA"]
[PlyCount "48"]
[EventDate "2019.07.23"]
[EventType "swiss"]
[EventCountry "NED"]
[SourceTitle "playchess.com"]
[Source "ChessBase"]
[SourceQuality "1"]
[TimeControl "40/5400+30:1800+30"]

1. d4 Nf6 2. Nf3 b6 3. e3 Bb7 4. Nbd2 e6 5. Bd3 d5 6. Ne5 Bd6 7. O-O O-O 8. f4 Ne4 9. Nxe4 dxe4 10. Bc4 c5 11. b3 Nc6 12. Nxc6 Bxc6 13. Bb2 Qe7 14. d5 exd5 15. Bxd5 Bxd5 16. Qxd5 Rad8 17. Qf5 Rd7 18. Rfd1 Rfd8 19. Qg4 f6 20. Qe2 Qe6 21. Qg4 f5 22. Qxf5 Qe7 23. Re1 Bxf4 24. Qg4 Bb8 1/2-1/2

[Event "Dutch Open-ch 2019"]
[Site "Dieren"]
[Date "2019.07.30"]
[Round "7.17"]
[White "Nair, Sanjeev"]
[Black "Konings, Frans"]
[Result "1/2-1/2"]
[ECO "C77"]
[WhiteElo "2045"]
[BlackElo "2208"]
[Annotator "NA"]
[PlyCount "212"]
[EventDate "2019.07.23"]
[EventType "swiss"]
[EventCountry "NED"]
[SourceTitle "playchess.com"]
[Source "ChessBase"]
[SourceQuality "1"]
[TimeControl "40/5400+30:1800+30"]

1. e4 e5 2. Nf3 Nc6 3. Bb5 a6 4. Ba4 Nf6 5. d3 b5 6. Bb3 Be7 7. Nc3 d6 8. a3 O-O 9. Be3 Na5 10. Ba2 c5 11. b4 Nb7 12. Nd5 Be6 13. Nxf6+ Bxf6 14. Bxe6 fxe6 15. O-O Qc7 16. c3 Rfc8 17. Qb1 c4 18. dxc4 Qxc4 19. Rc1 d5 20. Nd2 Qc6 21. Qd3 Nd6 22. Bc5 Bg5 23. exd5 exd5 24. Rd1 e4 25. Qg3 Bxd2 26. Rxd2 Nc4 27. Rd4 a5 28. Rad1 axb4 29. axb4 Nb2 30. Re1 Na4 31. h3 h6 32. Red1 Rd8 33. R4d2 Nxc5 34. bxc5 Rd7 35. Qe5 Rad8 36. Qd4 Kf7 37. Kh1 Rc8 38. Qe5 Qe6 39. Qh5+ Kg8 40. Rxd5 g6 41. Qg4 Qxg4 42. hxg4 Rxd5 43. Rxd5 Kf7 44. Re5 Kf6 45. Rxe4 Rxc5 46. Rb4 Kg5 47. f3 Kf6 48. Kg1 Rxc3 49. Rxb5 Rc4 50. Kf2 Ra4 51. Kg3 Rc4 52. Rb6+ Kf7 53. Rb7+ Kg8 54. f4 Rc3+ 55. Kf2 Rc2+ 56. Kf3 Rc3+ 57. Kf2 Rc2+ 58. Kg3 Rc3+ 59. Kh2 Rc4 60. g3 Rc2+ 61. Kh3 Rf2 62. Rb8+ Kg7 63. Rb7+ Kg8 64. Ra7 Kh8 65. Ra5 Kg7 66. g5 h5 67. Ra7+ Kg8 68. Ra6 Kg7 69. Rf6 Kh7 70. Rf7+ Kg8 71. Rf6 Kg7 72. g4 Rf3+ 73. Kh4 hxg4 74. Kxg4 Ra3 75. Rb6 Ra7 76. Kf3 Rc7 77. Ke4 Rc5 78. Rb7+ Kf8 79. Rd7 Rf5 80. Rd5 Rf7 81. Rd8+ Kg7 82. Re8 Ra7 83. Rd8 Kf7 84. Ke5 Re7+ 85. Kd5 Ra7 86. Rd6 Ra5+ 87. Ke4 Ra7 88. Ke5 Re7+ 89. Kd5 Ra7 90. Rf6+ Kg7 91. Rc6 Rf7 92. Ke5 Rf5+ 93. Ke4 Rf7 94. Rd6 Ra7 95. Rd5 Kf7 96. f5 gxf5+ 97. Kxf5 Kg7 98. Rb5 Rc7 99. Kg4 Ra7 100. Rb6 Rc7 101. Kh5 Ra7 102. Rg6+ Kh7 103. Rb6 Kg7 104. Rb5 Rc7 105. g6 Rc1 106. Rb7+ Kg8 1/2-1/2

[Event "Dutch Open-ch 2019"]
[Site "Dieren"]
[Date "2019.07.30"]
[Round "7.18"]
[White "Mesman, Edwyn"]
[Black "Van Roon, Sjoerd"]
[Result "0-1"]
[ECO "E92"]
[WhiteElo "2204"]
[BlackElo "2072"]
[Annotator "NA"]
[PlyCount "80"]
[EventDate "2019.07.23"]
[EventType "swiss"]
[EventCountry "NED"]
[SourceTitle "playchess.com"]
[Source "ChessBase"]
[SourceQuality "1"]
[TimeControl "40/5400+30:1800+30"]

1. d4 Nf6 2. c4 g6 3. Nc3 Bg7 4. e4 O-O 5. Nf3 d6 6. Be2 e5 7. Be3 Nc6 8. d5 Ne7 9. Nd2 Nd7 10. O-O f5 11. f3 f4 12. Bf2 g5 13. b4 Nf6 14. c5 h5 15. h3 Ng6 16. cxd6 cxd6 17. Nc4 g4 18. fxg4 hxg4 19. hxg4 Kf7 20. Bf3 Ne8 21. Qd3 Rh8 22. Nb5 Bf6 23. Nxa7 Bh4 24. Bxh4 Qxh4 25. Nxc8 Rxc8 26. Rac1 b5 27. a4 Rxc4 28. Rxc4 bxc4 29. Qxc4 Qg3 30. b5 Nh4 31. Qe2 Nf6 32. b6 Qh2+ 33. Kf2 Nxf3 34. Qxf3 Rc8 35. b7 Rc2+ 36. Ke1 Rb2 37. g5 Qh4+ 38. g3 Qh2 39. Rf2 Qg1+ 40. Rf1 Qd4 0-1

[Event "Dutch Open-ch 2019"]
[Site "Dieren"]
[Date "2019.07.30"]
[Round "7.19"]
[White "Tiwari, Ashwani"]
[Black "Evengroen, Henk-Jan"]
[Result "0-1"]
[ECO "C86"]
[WhiteElo "2089"]
[BlackElo "2176"]
[Annotator "NA"]
[PlyCount "64"]
[EventDate "2019.07.23"]
[EventType "swiss"]
[EventCountry "NED"]
[SourceTitle "playchess.com"]
[Source "ChessBase"]
[SourceQuality "1"]
[TimeControl "40/5400+30:1800+30"]

1. e4 e5 2. Nf3 Nc6 3. Bb5 a6 4. Ba4 Nf6 5. O-O Be7 6. Qe2 b5 7. Bb3 O-O 8. c3 d5 9. d3 d4 10. a3 Rb8 11. Nbd2 dxc3 12. bxc3 a5 13. Bb2 b4 14. cxb4 axb4 15. Nxe5 Nxe5 16. Bxe5 Nd7 17. Bb2 Nc5 18. Bc4 Na4 19. Be5 bxa3 20. Rfc1 Rb2 21. Qe3 Kh8 22. Nb1 f6 23. Bxb2 Bc5 24. Qd2 axb2 25. Rxa4 bxc1=Q+ 26. Qxc1 f5 27. Bd5 Bxf2+ 28. Kxf2 fxe4+ 29. Kg1 Qxd5 30. dxe4 Qb5 31. Nc3 Qc5+ 32. Kh1 Qxc3 0-1

[Event "Dutch Open-ch 2019"]
[Site "Dieren"]
[Date "2019.07.30"]
[Round "7.20"]
[White "Mulder, Bart-Piet"]
[Black "Grutter, Tim"]
[Result "0-1"]
[ECO "E60"]
[WhiteElo "2154"]
[BlackElo "2091"]
[Annotator "NA"]
[PlyCount "140"]
[EventDate "2019.07.23"]
[EventType "swiss"]
[EventCountry "NED"]
[SourceTitle "playchess.com"]
[Source "ChessBase"]
[SourceQuality "1"]
[TimeControl "40/5400+30:1800+30"]

1. Nf3 Nf6 2. g3 g6 3. b3 Bg7 4. Bb2 O-O 5. Bg2 d6 6. d4 e5 7. dxe5 Ng4 8. c4 Nc6 9. O-O Ngxe5 10. Nxe5 Nxe5 11. Nc3 Rb8 12. Qd2 f5 13. Nd5 a6 14. Rac1 Be6 15. h3 Qd7 16. f4 Nc6 17. e3 Rbe8 18. Rfe1 h6 19. b4 Nb8 20. Bxg7 Qxg7 21. Qc3 c6 22. Qxg7+ Kxg7 23. Nc7 Re7 24. Nxe6+ Rxe6 25. b5 axb5 26. cxb5 d5 27. a4 Nd7 28. bxc6 bxc6 29. Rb1 Nc5 30. a5 Ra8 31. Ra1 Re7 32. Ra3 Rea7 33. Rea1 Kf6 34. Bf1 Ke6 35. a6 Kd6 36. Rc1 Ne6 37. Rb3 Rc8 38. Rb6 Nc5 39. g4 Nd7 40. Rb2 fxg4 41. hxg4 Rb8 42. Rh2 Rh8 43. g5 h5 44. Rhc2 c5 45. Rd1 Kc6 46. Rb2 Nb6 47. Bb5+ Kc7 48. Kf2 c4 49. Kf3 Rb8 50. Rg2 Kd6 51. f5 Kc5 52. Rb1 Na4 53. Bxa4 Rxb1 54. fxg6 Rxa6 55. Be8 Rbb6 56. Kf4 Rxg6 57. Bxg6 Rxg6 58. Kf5 Rg8 59. Rh2 c3 60. g6 Kc4 61. Kf6 Kd3 62. Rxh5 Kc4 63. Kf7 Rc8 64. g7 c2 65. Rh1 Kd3 66. g8=Q Rxg8 67. Kxg8 Kxe3 68. Kf7 d4 69. Ke6 d3 70. Kd5 d2 0-1